Map: Eternal Empire LE

Players

Overlord

  • Race: Terran Terran
  • League: Silver
  • Spawn Location: 1:00

Ratl - Winner!

  • Race: Protoss Protoss
  • League: Silver
  • Spawn Location: 7:00

VOD

Have the link to the VOD?

Description

Time

  • Played on: Feb. 15, 2020, 7:50 a.m.
  • Length: 15:07
Show
View Real Time Build Order
Export as new Build Order

Overlord Terran 

Build Orders:  

Get SALT Encoding   

  12  0:09  Supply Depot  
  12  0:23  Supply Depot  
  12  0:28  Refinery  
  12  0:35  SCV  
  13  0:49  Barracks  
  13  0:54  SCV  
  14  1:06  SCV  
  16  1:18  SCV  
  16  1:30  SCV  
  17  1:37  Marine  
  17  1:39  Factory  
  18  1:42  SCV  
  19  1:48  Refinery  
  19  1:55  Marine  
  20  2:13  Reaper  
  21  2:16  SCV  
  22  2:28  SCV  
  23  2:31  Widow Mine  
  23  2:33  Starport  
  25  2:40  SCV  
  26  2:52  SCV  
  26  2:53  Widow Mine  
  29  3:04  SCV  
  30  3:15  Starport Tech Lab  
  30  3:18  Fusion Core  
  29  4:11  Orbital Command  
  29  4:17  Command Center  
  29  4:18  Supply Depot  
  29  4:19  Factory Tech Lab  
  29  4:21  Supply Depot  
  29  4:40  Battlecruiser  
  35  4:47  Cyclone  
  38  5:08  SCV  
  39  5:19  Cyclone  
  39  5:20  SCV  
  43  5:24  Refinery  
  43  5:27  Refinery  
  43  5:41  Marine  
  44  5:44  Battlecruiser  
  50  5:59  Marine  
  51  6:16  Marine  
  46  6:25  Armory  
  46  6:26  Armory  
  46  6:29  Armory  
  46  6:34  Marine  
  46  6:38  Starport  
  46  6:39  SCV  
  48  6:48  Engineering Bay  
  48  6:51  SCV  
  48  6:52  Marine  
  50  6:58  Siege Tank  
  53  7:03  SCV  
  54  7:09  Medivac  
  54  7:15  SCV  
  57  7:17  Starport Tech Lab  
  57  7:27  SCV  
  58  7:38  SCV  
  58  7:39  SCV  
  60  7:44  Terran Ship Weapons Level 1  
  60  7:49  Terran Vehicle And Ship Armor Level 1  
  60  7:50  SCV  
  61  7:51  SCV  
  61  7:54  Terran Vehicle Weapons Level 1  
  62  8:02  SCV  
  62  8:03  SCV  
  64  8:14  SCV  
  64  8:15  SCV  
  64  8:16  Battlecruiser  
  75  8:22  Siege Tank  
  75  8:26  SCV  
  76  8:35  SCV  
  77  9:00  Supply Depot  
  77  9:03  Supply Depot  
  77  9:07  Supply Depot  
  77  9:09  Battlecruiser, Hellion  
  86  9:21  Barracks Reactor  
  85  9:25  Battlecruiser  
  85  9:30  Hellbat  
  93  9:51  Hellbat  
  95  9:54  Command Center  
  95  9:59  Refinery  
  95  10:02  Planetary Fortress  
  95  10:07  Terran Vehicle Weapons Level 2  
  95  10:13  Terran Vehicle And Ship Armor Level 2, Siege Tank  
  98  10:29  Terran Ship Weapons Level 2  
  98  10:33  Marine x2  
  100  10:45  Hellbat  
  102  10:50  Marine  
  102  10:51  Marine  
  104  11:07  Refinery  
  104  11:08  SCV, Marine x2  
  107  11:20  SCV  
  108  11:26  Marine x2, Battlecruiser x2  
  108  11:30  Cyclone  
  108  11:32  SCV  
  126  11:39  SCV  
  127  11:44  SCV  
  128  11:51  SCV  
  129  11:56  SCV  
  130  12:03  SCV  
  131  12:08  SCV  
  131  12:15  SCV  
  122  12:20  SCV  
  73  12:48  SCV  
  74  12:56  Battlecruiser  
  74  12:57  Battlecruiser  
  86  13:00  SCV  
  86  13:05  Siege Tank  
  90  13:13  SCV  
  90  13:14  Marine x2  
  93  13:25  SCV  
  94  13:30  Engineering Bay  
  94  13:32  Marine x2  
  96  13:37  SCV  
  97  13:49  SCV  
  97  13:50  Marine x2  
  100  13:57  Supply Depot  
  100  13:58  Supply Depot  
  100  13:59  Supply Depot  
  100  14:01  SCV  
  101  14:08  Marine x2  
  115  14:19  Supply Depot  
Show
View Real Time Build Order
Export as new Build Order

Ratl Protoss - Winner!

Build Orders:  

Get SALT Encoding   

  12  0:01  Probe  
  13  0:13  Probe  
  14  0:19  Pylon  
  14  0:25  Probe  
  15  0:38  Probe (Chrono Boost), Gateway  
  16  0:48  Assimilator  
  17  0:50  Probe (Chrono Boost)  
  17  0:56  Probe (Chrono Boost)  
  18  1:05  Probe  
  19  1:17  Probe  
  20  1:27  Gateway  
  20  1:29  Probe  
  20  1:30  Cybernetics Core  
  21  1:35  Pylon  
  21  1:41  Probe (Chrono Boost)  
  21  1:46  Assimilator  
  22  1:53  Probe (Chrono Boost)  
  23  1:59  Probe (Chrono Boost)  
  24  2:07  Warp Gate, Probe  
  25  2:15  Stalker x2  
  27  2:19  Probe  
  30  2:32  Probe  
  31  2:51  Nexus  
  31  2:55  Pylon  
  31  3:13  Probe (Chrono Boost), Pylon  
  31  3:18  Stalker  
  31  3:19  Stalker  
  36  3:25  Probe (Chrono Boost)  
  37  3:31  Probe (Chrono Boost)  
  38  3:39  Probe  
  39  3:51  Probe (Chrono Boost)  
  40  3:57  Robotics Facility  
  40  4:03  Probe (Chrono Boost)  
  40  4:09  Probe (Chrono Boost)  
  42  4:12  Probe (Chrono Boost)  
  42  4:16  Probe (Chrono Boost)  
  44  4:17  Probe (Chrono Boost), Pylon  
  44  4:24  Gateway  
  45  4:25  Gateway  
  45  4:28  Probe, Gateway  
  45  4:29  Probe  
  45  4:31  Gateway  
  47  4:40  Probe  
  47  4:41  Probe  
  49  4:49  Stalker x2  
  49  4:52  Probe  
  54  4:53  Probe  
  55  5:02  Nexus  
  55  5:04  Probe  
  55  5:05  Probe  
  57  5:16  Probe, Assimilator  
  57  5:17  Probe  
  57  5:20  Pylon, Assimilator  
  59  5:24  Stalker x2  
  63  5:28  Probe  
  63  5:29  Probe  
  63  5:32  Observer  
  66  5:48  Probe (Chrono Boost)  
  68  5:53  Probe (Chrono Boost)  
  65  5:59  Probe (Chrono Boost)  
  65  6:00  Stalker x4  
  65  6:01  Stalker  
  65  6:02  Probe (Chrono Boost)  
  66  6:12  Probe  
  66  6:15  Probe (Chrono Boost)  
  66  6:16  Probe (Chrono Boost)  
  67  6:24  Probe (Chrono Boost)  
  68  6:28  Probe (Chrono Boost)  
  70  6:33  Probe (Chrono Boost)  
  70  6:34  Pylon  
  70  6:37  Pylon  
  70  6:38  Probe x2 (Chrono Boost)  
  73  6:45  Probe x3 (Chrono Boost)  
  79  6:48  Twilight Council  
  79  6:51  Probe  
  80  7:01  Pylon, Immortal  
  80  7:05  Probe (Chrono Boost), Forge  
  80  7:06  Probe (Chrono Boost)  
  80  7:08  Forge  
  83  7:09  Forge  
  83  7:10  Probe (Chrono Boost)  
  83  7:11  Stalker  
  83  7:12  Stalker  
  89  7:16  Probe (Chrono Boost)  
  89  7:17  Probe (Chrono Boost)  
  89  7:20  Probe (Chrono Boost)  
  90  7:31  Probe x3  
  93  7:43  Probe x2  
  95  7:45  Probe  
  95  7:48  Nexus, Stalker x3  
  95  7:49  Pylon  
  102  7:52  Pylon  
  102  7:55  Probe x2, Immortal  
  102  7:57  Probe  
  109  8:07  Photon Cannon  
  109  8:11  Photon Cannon x2  
  109  8:14  Assimilator  
  109  8:15  Probe x2, Photon Cannon  
  109  8:16  Probe  
  109  8:17  Assimilator  
  112  8:27  Probe x2  
  112  8:28  Probe  
  115  8:37  Photon Cannon  
  115  8:38  Immortal  
  115  8:39  Probe x2  
  115  8:40  Probe, Photon Cannon  
  122  8:53  Probe (Chrono Boost)  
  122  8:54  Probe x2 (Chrono Boost)  
  126  9:04  Protoss Ground Weapons Level 1 (Chrono Boost), Protoss Ground Armor Level 1 (Chrono Boost)  
  126  9:05  Probe x2 (Chrono Boost), Protoss Shields Level 1 (Chrono Boost)  
  126  9:06  Probe (Chrono Boost)  
  129  9:10  Probe (Chrono Boost)  
  129  9:16  Robotics Facility  
  129  9:17  Robotics Facility  
  129  9:18  Pylon  
  129  9:21  Assimilator  
  129  9:22  Assimilator  
  129  9:30  Immortal  
  129  9:31  Stalker x4  
  137  9:35  Nexus  
  137  9:36  Pylon  
  141  9:39  Pylon  
  141  10:01  Stalker x5  
  151  10:09  Templar Archives  
  151  10:14  Gateway  
  151  10:15  Gateway  
  151  10:16  Gateway  
  151  10:17  Gateway  
  151  10:28  Stalker  
  152  10:42  Stalker  
  152  10:43  Stalker x3  
  160  10:51  Immortal x2  
  160  10:52  Immortal  
  172  11:03  Gateway  
  172  11:05  Gateway  
  172  11:06  Gateway  
  172  11:09  Gateway x2  
  172  11:11  Gateway  
  172  11:15  Gateway x2  
  172  11:18  Gateway  
  172  11:35  Immortal (Chrono Boost)  
  172  11:36  Gateway, Immortal x2 (Chrono Boost)  
  172  11:38  Gateway x2  
  172  11:39  Gateway  
  184  11:42  Gateway  
  184  11:45  Protoss Ground Armor Level 2 (Chrono Boost)  
  184  11:46  Protoss Ground Weapons Level 2 (Chrono Boost), Protoss Shields Level 2 (Chrono Boost)  
  184  11:59  High Templar  
  186  12:04  Pylon  
  186  12:05  Pylon  
  168  12:20  Immortal  
  150  12:32  Immortal x2  
  150  12:45  High Templar  
  150  12:46  High Templar x6  
  150  12:47  High Templar x6  
  150  12:48  High Templar x2  
  150  12:49  High Templar x4  
  150  12:50  High Templar x2  
  192  12:51  Immortal  
  192  12:54  Archon x3  
  192  12:55  Archon x4  
  192  12:56  Archon x3  
  192  13:03  Immortal  
  200  13:24  Photon Cannon  
  200  13:26  Photon Cannon  
  200  13:44  Assimilator  
  200  13:47  Assimilator  
  200  14:29  Nexus  
  194  14:32  Pylon  
  194  14:35  Pylon  
  176  14:38  Unknown  
  176  14:42  Stalker x3  
  176  14:43  Stalker x3  
  176  14:44  Stalker x5  
  176  14:45  Stalker x3  
  200  14:46  Stalker  
  194  14:53  Stalker x3  
Tags
 
Add a new tag
Caveats
  • Supply blocks, unpowered buildings, or Contaminate may cause inaccurate times.
  • Supply counts are checked every 10 seconds.